 Dungeon Crawl Stone Soup version 0.17-a0-1510-gb3fb22e (webtiles) character file.

144 Jb9000 the Skirmisher (level 5, -6/33 HPs)
             Began as a Gargoyle Fighter on July 11, 2015.
             Killed by nerve-wracking pain
             ... invoked by an orc priest
              (10 damage)
             ... on level 3 of the Dungeon.
             The game lasted 00:09:13 (2044 turns).

Jb9000 the Skirmisher (Gargoyle Fighter)            Turns: 2044, Time: 00:09:13

Health: -6/33      AC: 18    Str: 19    XL:     5   Next: 27%
Magic:  7/7        EV:  8    Int:  9    God:
Gold:   133        SH:  9    Dex: 10    Spells: 0 memorised, 7 levels left

rFire  . . .     SeeInvis .     a - +1 flail (protect)
rCold  . . .     Clarity  .     i - +0 ring mail
rNeg   + . .     SustAt   .     c - +0 shield
rPois  ∞         Gourm    .     (no helmet)
rElec  +         Spirit   .     r - +2 cloak {rPois}
rCorr  .         Warding  .     (no gloves)
rMut   .         Stasis   .     (no boots)
MR     .....                    (no amulet)
Stlth  +.........               (no ring)
                                (no ring)

@: not resistant to hostile enchantments, very unstealthy
A: negative energy resistance 1, electricity resistance, unbreathing,
petrification resistance, rot immunity, AC +4
a: no special abilities


You were on level 3 of the Dungeon.
You were not hungry.

You visited 1 branch of the dungeon, and saw 3 of its levels.

You collected 133 gold pieces.

Inventory:

Hand weapons
 a - a +1 flail of protection (weapon)
Missiles
 f - 64 arrows
 p - 11 poisoned needles
 u - 5 needles of confusion
 x - 2 tomahawks (quivered)
Armour
 b - a +0 scale mail
 c - a +0 shield (worn)
 i - a +0 ring mail (worn)
 r - a +2 cloak of poison resistance (worn)
Jewellery
 o - an uncursed amulet of resist corrosion {unknown}
Scrolls
 g - 2 scrolls of enchant armour {unknown}
 h - a scroll of enchant weapon {unknown}
 j - 2 scrolls of teleportation {unknown}
 l - a scroll of identify {unknown}
 v - a scroll of amnesia {unknown}
 w - a scroll of noise {unknown}
 y - a scroll of remove curse {unknown}
Potions
 d - a potion of might
 m - 2 potions of curing
 q - a potion of lignification {unknown}
 t - 2 potions of agility {unknown}
 z - 2 potions of heal wounds {unknown}
Comestibles
 e - a bread ration
 k - a meat ration
 n - 7 chunks of flesh
 s - a royal jelly


   Skills:
 + Level 3.8 Fighting
 + Level 2.6 Maces & Flails
 + Level 0.6 Throwing
 + Level 3.7 Armour
 * Level 2.6 Stealth
 + Level 3.7 Shields
 + Level 1.5 Spellcasting


You had 7 spell levels left.
You didn't know any spells.

Dungeon Overview and Level Annotations

Branches:
Dungeon (3/15)

Altars:


Innate Abilities, Weirdness & Mutations

You are resistant to torment.
Your stone body is resilient (AC +4).
You are immune to poison.
You resist negative energy.
You are resistant to electric shocks.
You can survive without breathing.
You are immune to petrification.
You are immune to rotting.


Message History

The orc barely misses you. The orc priest barely misses you.
You barely miss the orc priest.
The orc priest is severely wounded.
The orc closely misses you.
The orc priest invokes the aid of Beogh against you.
Something smites you! You block the orc's attack.
You closely miss the orc priest.
The orc priest is severely wounded.
The orc priest mumbles some strange prayers to Beogh against you.
Pain shoots through your body! The orc completely misses you.
You barely miss the orc priest.
The orc priest is severely wounded.
The orc priest hits you with a mace.
* * * LOW HITPOINT WARNING * * *
You block the orc's attack.
You closely miss the orc priest.
The orc priest is severely wounded.
The orc priest calls down the wrath of Beogh upon you.
Pain shoots through your body!
You die...

### o# #.. . ..# .#
#.# .## #.# #o #.# ..
#.# .o #.#.#.#.##.# .#
#.#.#.#.##.# .#
#.#.#.#..#.####.#
#.#.#..#.#.#@#.#.#.#.
#.#.#.......oo........
#.#.#.##.#.#.#.#.#.#.#
#.#.#.#............
#..)...#.#.#.#.#.#.#
#.#...##.#.####.####
#..........# .#
##)######### .# ..#
#.# .. ...


You could see an orc priest and an orc.

Vanquished Creatures
  An orc priest (D:3)
  5 adders
  A worm (D:2)
  2 giant geckos (D:3)
  5 orcs (D:3)
  12 bats
  7 hobgoblins
  8 kobolds
  A quokka (D:2)
  A ball python (D:3)
  2 giant cockroaches
  2 giant newts
  7 goblins
  7 rats
61 creatures vanquished.

Notes
Turn   | Place    | Note
--------------------------------------------------------------
     0 | D:1      | Jb9000 the Gargoyle Fighter began the quest for the Orb.
     0 | D:1      | Reached XP level 1. HP: 14/14 MP: 1/1
   294 | D:1      | Reached XP level 2. HP: 19/19 MP: 2/2
   388 | D:1      | Reached skill level 1 in Stealth
   836 | D:1      | Reached skill level 1 in Spellcasting
   869 | D:1      | Reached XP level 3. HP: 23/23 MP: 4/4
  1273 | D:2      | Reached XP level 4. HP: 28/28 MP: 4/6
  1803 | D:3      | Reached XP level 5. HP: 11/33 MP: 7/7
  2044 | D:3      | Killed from afar by an orc priest

Vault maps used:
D:1:      dpeg_arrival_tiny_h
D:3:      overflow_temple_1_default, lemuel_crystal_altar,
          gammafunk_temple_overflow_elements, first_bread, st_stairs_13

Action                   |  1- 3 |  4- 6 || total
-------------------------+-------+-------++-------
Melee: Flail             |   152 |   125 ||   277
  Use: Potion            |       |     2 ||     2
  Eat: Chunk             |     2 |     2 ||     4
